 Dungeon Crawl Stone Soup version 0.26.1-16-g4e020e15dc (webtiles) character file.

Game seed: 4245635113407233740

139 Mickster the Covered (level 4, -2/38 HPs)
             Began as a Demigod Fighter on Feb 25, 2023.
             Slain by Grinder (5 damage)
             ... on level 3 of the Dungeon.
             The game lasted 00:15:16 (1707 turns).

Mickster the Covered (Demigod Fighter)              Turns: 1707, Time: 00:15:16

Health: -2/38      AC:  9    Str: 21    XL:     4   Next: 70%
Magic:  6/6        EV:  8    Int: 12    God:
Gold:   148        SH:  9    Dex: 15    Spells: 3/3 levels left

rFire    . . .     SeeInvis .   a - +0 war axe
rCold    . . .     Faith    .   c - +0 kite shield
rNeg     . . .     Spirit   .   b - +0 scale mail
rPois    .         Reflect  .   (no helmet)
rElec    .         Harm     .   h - +1 cloak
rCorr    .         Rampage  .   (no gloves)
Will     .....                  (no boots)
Stlth    ..........             (no amulet)
HPRegen  0.12/turn              (no ring)
MPRegen  0.10/turn              (no ring)

@: no status effects
A: high mp 1
a: no special abilities


You were on level 3 of the Dungeon.
You visited 1 branch of the dungeon, and saw 3 of its levels.

You collected 148 gold pieces.

Inventory:

Hand Weapons
 a - a +0 war axe (weapon)
 j - a +0 spear
 l - a +0 hunting sling
Missiles
 e - 19 arrows
 f - 45 stones
 i - 5 poisoned darts (quivered)
Armour
 b - a +0 scale mail (worn)
 c - a +0 kite shield (worn)
 h - a +1 cloak (worn)
Potions
 d - a potion of might
 g - a potion of curing
 k - a potion of berserk rage {unknown}


   Skills:
 + Level 3.1 Fighting
 * Level 3.3 Axes
 + Level 0.1 Slings
 + Level 3.3 Armour
 + Level 1.0 Dodging
 + Level 3.2 Shields


You had 3 spell levels left.
You didn't know any spells.
Your spell library was empty.

Dungeon Overview and Level Annotations

Branches:
Dungeon (3/15)

Annotations:
D:3 Grinder


Innate Abilities, Weirdness & Mutations

You have an increased reservoir of magic. (+10% MP)


Message History

Grinder gestures at you.
You barely resist. You hit Grinder but do no damage.
Grinder is almost dead.
Grinder barely misses you.
You hit Grinder.
Grinder is almost dead.
Grinder hits you but does no damage.
You barely miss Grinder.
Grinder is almost dead.
Grinder gestures at you. You resist with significant effort.
Grinder gestures at you. You resist with significant effort.
You closely miss Grinder.
Grinder is almost dead.
Grinder hits you.
* * * LOW HITPOINT WARNING * * *
You writhe in agony.
You die...

#.# #....#.# #.###.##.#.#
#>#...<#.#.# #.######.#.#
#........#.###
#############...... ....
#.#.##. #############.###.####
#.#.##. +...........5@........
#.#.##.
#############.###.###.##.#..#.
#.# #.# ..#.##.#. #.# #.#
#.#.##.#. #.# #.## #.#....#.
#.###..###.######.
#..[..............
######..###.###### ##.# #.#


You could see Grinder.

Vanquished Creatures
  A jelly (D:2)
  Natasha (D:3)
  4 adders (D:2)
  3 worms
  A dart slug (D:1)
  A leopard gecko (D:1)
  A ball python (D:2)
  5 bats
  2 giant cockroaches
  6 goblins
  6 hobgoblins
  2 jackals (D:1)
  2 frilled lizards (D:2)
  A kobold (D:1)
  3 rats
39 creatures vanquished.

Notes
Turn   | Place    | Note
-------+----------+-------------------------------------------
     0 | D:1      | Mickster the Demigod Fighter began the quest for the Orb.
     0 | D:1      | Reached XP level 1. HP: 18/18 MP: 3/3
   190 | D:1      | Reached XP level 2. HP: 23/25 MP: 4/4
   847 | D:2      | Reached XP level 3. HP: 28/31 MP: 5/5
  1180 | D:2      | Reached XP level 4. HP: 34/38 MP: 6/6
  1332 | D:3      | Noticed Natasha
  1343 | D:3      | Killed Natasha
  1344 | D:3      | Reached skill level 1 in Dodging
  1674 | D:3      | Noticed Grinder
  1707 | D:3      | Slain by Grinder

Illustrated notes

Levels and vault maps discovered:
D:1:      minmay_arrival_loop, layout_loops_corners, hangedman_decor_points,
          amcnicky_mini_rare_corridor_liquid
D:2:      layout_loops_ring, marbit_many_paths
D:3:      layout_basic, lemuel_coloured_pillars_altar, gammafunk_ghost_arena,
          chequers_jeans, minmay_vboxes, uniq_grinder, uniq_terence,
          uniq_natasha

Skill      XL: |  1  2  3  4 |
---------------+-------------+-----
Axes           | 2 3 |  3.3
Armour         | 3 |  3.3
Fighting       | 3 |  3.1
Shields        | 3 |  3.2
Dodging        | 1 |  1.0
Slings         | |  0.1

Action                   |  1- 3 |  4- 6 || total
-------------------------+-------+-------++-------
Melee: War axe           |   102 |    41 ||   143
 Fire: Hunting sling     |     4 |       ||     4
  Use: Potion            |     2 |       ||     2
       Scroll            |     3 |     1 ||     4
Armor: Scale mail        |    66 |    14 ||    80
Dodge: Dodged            |    39 |    11 ||    50
Block: Kite shield       |    61 |    12 ||    73
